 Dungeon Crawl Stone Soup version 0.20-a0-1109-ge3cd172 (webtiles) character file.

156069 Herrn the Severer (level 17, 0/164 HPs)
             Began as a Naga Fire Elementalist on Apr 29, 2017.
             Was a High Priest of Okawaru.
             Killed from afar by a thorn hunter (17 damage)
             ... with a volley of thorns
             ... on level 4 of the Swamp on May 5, 2017.
             The game lasted 02:25:21 (45992 turns).

Herrn the Severer (Naga Fire Elementalist)         Turns: 45992, Time: 02:25:22

Health: 0/164      AC: 30    Str: 10    XL:     17   Next: 66%
Magic:  20/20      EV:  1    Int: 27    God:    Okawaru [*****.]
Gold:   2791       SH:  0    Dex: 22    Spells: 6/20 levels left

rFire    + . .     SeeInvis +   o - +1 war axe (flame)
rCold    + . .     Gourm    .   M - +0 shield
rNeg     . . .     Faith    .   U - +1 gold dragon scales
rPois    +         Spirit   .   G - +3 crown of Dyrovepreva {rElec Int+2 SInv}
rElec    +         Reflect  .   E - +0 cloak
rCorr    .         Harm     .   x - +0 pair of gloves
MR       ++...     Clarity  +   f - +2 naga barding of Juimm {Int+4}
Stlth    ..........             g - amulet of rage
Regen    0.4/turn               A - +3 ring of dexterity
MPRegen  0.2/turn               Z - +2 ring of evasion

@: confused, agile, about to teleport, slowed, studying 2 skills, very slow
A: see invisible, clarity, deformed body, poison resistance, slowness 2, slow
metabolism 1, spit poison 2, constrict 1, AC +5
a: Breathe Poison Gas, Heroism, Finesse, Renounce Religion, Evoke Berserk Rage


You were on level 4 of the Swamp.
You worshipped Okawaru.
Okawaru was extremely pleased with you.
You were not hungry.

You visited 5 branches of the dungeon, and saw 28 of its levels.
You also visited: Sewer and Ice Cave.

You collected 2791 gold pieces.

Inventory:

Hand Weapons
 n - a +2 battleaxe of electrocution
 o - a +1 war axe of flaming (weapon)
 B - a +2 morningstar of draining
 F - the +5 spear of Impatience {elec, rF++ Dex+2}
   (You found it on level 14 of the Dungeon)

   Occasionally, upon striking a foe, it will discharge some electrical energy
   and cause terrible harm.
   It affects your dexterity (+2).
   It greatly protects you from fire.
 X - a +1 broad axe
Armour
 f - the +2 naga barding of Juimm (worn) {Int+4}
   (You acquired it on level 3 of the Lair of Beasts)

   It affects your intelligence (+4).
 i - a +1 naga barding of flying
 t - a +3 ring mail of cold resistance
 x - a +0 pair of gloves (worn)
 E - a +0 cloak (worn)
 G - the +3 crown of Dyrovepreva (worn) {rElec Int+2 SInv}
   (You found it on level 5 of the Dungeon)

   It affects your intelligence (+2).
   It insulates you from electricity.
   It lets you see invisible.
 J - a +0 troll leather armour
 K - the +1 leather armour "Weddy" {rC+ rN++ Int-2}
   (You found it on level 1 of the Lair of Beasts)

   It affects your intelligence (-2).
   It protects you from cold.
   It greatly protects you from negative energy.
 M - a +0 shield (worn)
 O - a +0 naga barding of fire resistance
 U - +1 gold dragon scales (worn)
 W - the -3 naga barding of Dipsats {rN+}
   (Okawaru gifted it to you on level 11 of the Dungeon)

   It protects you from negative energy.
Jewellery
 g - an amulet of rage (around neck)
 A - a +3 ring of dexterity (left hand)
 Z - a +2 ring of evasion (right hand)
Wands
 u - a wand of polymorph (1/24)
 P - a wand of digging (16/24)
Scrolls
 d - a scroll of fear
 h - 5 scrolls of amnesia
 j - 6 scrolls of remove curse
 m - 5 scrolls of teleportation
 p - 3 scrolls of recharging
 q - 2 scrolls of blinking
 y - a scroll of fog
 z - a scroll of summoning
 C - 6 scrolls of enchant weapon
 D - 2 scrolls of magic mapping
 N - 4 scrolls of enchant armour
 S - a scroll of identify
Potions
 e - a potion of magic
 l - 5 potions of brilliance
 r - 2 potions of agility
 s - 4 potions of mutation
 w - 3 potions of flight
 V - 2 potions of resistance
Books
 b - a book of Flames

   Spells                             Type                      Level
   a - Flame Tongue                   Conjuration/Fire             1
   b - Throw Flame                    Conjuration/Fire             2
   c - Conjure Flame                  Conjuration/Fire             3
   d - Inner Flame                    Hexes/Fire                   3
   e - Sticky Flame                   Conjuration/Fire             4
   f - Fireball                       Conjuration/Fire             5
 k - a manual of Ice Magic
 I - a book of the Earth

   Spells                             Type                      Level
   a - Leda's Liquefaction            Hexes/Earth                  4
   b - Bolt of Magma                  Conjuration/Fire/Earth       5
   c - Statue Form                    Transmutation/Earth          6
   d - Iron Shot                      Conjuration/Earth            6
   e - Shatter                        Earth                        9
 Q - a manual of Ice Magic
 R - a book of Air

   Spells                             Type                      Level
   a - Shock                          Conjuration/Air              1
   b - Swiftness                      Charms/Air                   2
   c - Static Discharge               Conjuration/Air              3
   d - Airstrike                      Air                          4
   e - Lightning Bolt                 Conjuration/Air              5
 T - a manual of Necromancy
Comestibles
 c - 12 bread rations
 v - a meat ration
 L - 16 royal jellies


   Skills:
 * Level 13.4 Fighting
 * Level 17.5 Axes
 - Level 0.4(11.8) Maces & Flails
 * Level 8.4 Armour
 * Level 9.4 Dodging
 - Level 3.0 Stealth
 * Level 5.5 Shields
 - Level 2.0 Spellcasting
 + Level 9.1 Conjurations
 * Level 8.7 Transmutations
 - Level 6.0 Fire Magic
 * Level 7.1 Earth Magic


You had 6 spell levels left.
You knew the following spells:

 Your Spells              Type           Power        Failure   Level  Hunger
a - Flame Tongue          Conj/Fire      #####        100%        1    None
b - Sticky Flame          Conj/Fire      #####...     100%        4    ####...
c - Spider Form           Tmut/Pois      ####......   100%        3    ###....
d - Statue Form           Tmut/Erth      #####....    100%        6    #######


Dungeon Overview and Level Annotations

Branches:
Dungeon (15/15)            Temple (1/1) D:7            Lair (6/6) D:11
  Swamp (4/4) Lair:3       Spider (0/4) Lair:4        Slime (0/5) Lair:6
    Orc (2/2) D:9             Elf (0/3) Orc:2        Vaults (0/5) D:13
 Depths (0/5) D:15

Altars:
Ashenzari
Cheibriados
Dithmenos
Elyvilon
Fedhas
Gozag
Hepliaklqana
Kikubaaqudgha
Makhleb
Nemelex Xobeh
Okawaru
Qazlal
Ru
Sif Muna
Trog
Uskayaw
Vehumet
Wu Jian
Xom
Yredelemnul
Zin
The Shining One
Beogh

Shops:
D:5 %   D:6 [   D:10 :   Orc:1 (   Orc:2 ?:*[

Portals:
Pandemonium: Orc:2

Annotations:
D:6 Serafim's ghost, novice MiFi
D:8 exclusion: oklob plant
Lair:1 exclusion: oklob plant


Innate Abilities, Weirdness & Mutations

You cannot wear boots.
Your serpentine skin is tough. (AC +5)
You have supernaturally acute eyesight. (SInv)
Armour fits poorly on your strangely shaped body.
Your system is resistant to poisons. (rPois)
You cover ground very slowly.
You have a slow metabolism.
You can exhale a cloud of poison.
You can use your snake-like lower body to constrict enemies.
You possess an exceptional clarity of mind.


Message History

The volley of thorns hits you!
* * * LOW HITPOINT WARNING * * *
The thorn hunter fires a volley of thorns at you.
The volley of thorns hits you!
* * * LOW HITPOINT WARNING * * *
Okay, then.
Unknown command.
You feel better.
The briar patch crumbles away.
The thorn hunter fires a volley of thorns at you.
The volley of thorns hits you!
* * * LOW HITPOINT WARNING * * *
Unknown command.
You are confused.
You feel invigorated.
The briar patch crumbles away.
The thorn hunter fires a volley of thorns at you.
The volley of thorns hits you!
* * * LOW HITPOINT WARNING * * *
The thorn hunter fires a volley of thorns at you.
The volley of thorns hits you!
You die...

≈≈♣♣ ♣♣♣♣ ♣..≈.≈♣♣♣*,,,,,*,,≈ ≈≈♣
♣♣≈≈♣♣♣♣..♣♣♣♣ *,,,,,*,,, ..♣
♣♣♣.≈≈.♣..≈.♣ ***,,,,+,8,
..♣♣♣♣..≈≈≈≈≈...f♣♣♣ *§#**#'#,,,
≈.≈≈≈.≈≈.≈≈≈♣.PPP≈P♣♣♣*≈.,≈≈..,8,
≈≈≈≈≈≈≈≈≈≈≈.♣PPP.≈PP.♣*≈#,(.8.,,≈
≈≈≈≈≈≈≈≈≈≈≈♣≈♣♣.[.≈≈≈♣*..P≈≈.≈,,≈
≈≈≈≈≈≈≈≈≈≈≈♣♣≈§§§§≈≈♣♣*≈#≈P...≈,,
≈≈≈≈.≈≈≈≈.♣♣♣♣♣♣@§§≈♣ *....#.#**,
...≈.≈≈≈.♣♣ ♣§§§≈≈♣♣♣..≈...#,,,
♣♣♣♣♣♣♣≈♣♣ ♣§.÷≈≈≈.†≈....$.,≈≈
♣♣♣ ♣♣..÷.≈♣≈≈#.(.8≈8,,
♣♣♣..♣♣♣≈#≈≈...≈,≈ ♣PP♣
*≈#***+#,,, ♣P♣♣ *##,,,,+,,≈ ♣♣♣
*,,,,,*,,, *,,,,,*,8,


You could see a thorn hunter.

Vanquished Creatures
  the Lernaean hydra (Swamp:4)
  Jorgrun (Swamp:3)
  A tengu reaver (D:14)
  A stone giant (Orc:2)
  A vampire knight (D:14)
  The ghost of Fin the Unseen, a journeyman SpEn of Dithmenos (Orc:1)
  2 ettins (D:14)
  The ghost of kroki the Grappler, a journeyman MiVM of Okawaru (IceCv)
  Erolcha (D:10)
  A vault guard (D:13)
  21 hydras
  5 catoblepae
  3 centaur warriors
  A ghost crab (Swamp:2)
  A tengu warrior (D:15)
  4 alligators
  10 two-headed ogres
  7 death yaks (Lair:6)
  Urug (D:12)
  6 orc high priests
  2 sixfirhies (Orc:2)
  2 skeletal warriors (D:15)
  2 unseen horrors
  2 infernal demonspawn (Orc:2)
  2 spriggan druids
  4 shambling mangroves
  7 swamp dragons
  2 necromancers
  Pikel (D:4)
  A lindwurm (Lair:6)
  A phantasmal warrior (D:15)
  6 orc knights (Orc:2)
  A wolf spider zombie (D:13)
  11 ugly things
  3 cyclopes
  2 deep elf magi
  5 manticores
  30 slime creatures
  7 orc sorcerers (Orc:2)
  Joseph (D:8)
  5 black mambas
  An ice statue (IceCv)
  A spriggan zombie (D:15)
  A rust devil (Orc:2)
  An eye of devastation (Lair:6)
  5 torpor snails (Lair:3)
  A gargoyle (D:11)
  18 spiny frogs
  13 komodo dragons
  3 rime drakes
  A kobold demonologist (D:11)
  10 freezing wraiths (IceCv)
  An ice devil (Orc:2)
  A tengu conjurer (D:13)
  A hellwing (Orc:2)
  A red devil (Orc:2)
  A yaktaur skeleton (D:15)
  A polar bear (shapeshifter) (D:15)
  7 trolls
  3 meliai (D:14)
  4 tyrant leeches
  Grinder (D:6)
  A polar bear (Lair:6)
  A wolf spider simulacrum (IceCv)
  11 hornets
  11 bog bodies
  Prince Ribbit (D:5)
  9 blink frogs
  5 hippogriffs
  A deep troll zombie (D:15)
  4 shadows
  3 redbacks (Lair:4)
  3 spriggans (Swamp:3)
  An ice dragon skeleton (D:15)
  3 wyverns
  Sigmund (D:2)
  A vampire (D:15)
  57 yaks
  A chaos spawn (Orc:2)
  Eustachio (D:4)
  A wraith (D:11)
  4 basilisks
  3 hungry ghosts
  Grum (D:11)
  A steam dragon (D:11)
  35 vampire mosquitoes
  3 wargs (Orc:2)
  Menkaure (D:4)
  3 acid dragons (D:15)
  5 soldier ants
  14 swamp worms
  14 water moccasins
  Duvessa (D:6)
  13 porcupines
  13 swamp drakes
  39 orc warriors
  A slave (D:4)
  A black bear (D:9)
  12 ice beasts
  7 sky beasts
  2 necrophages
  2 eyes of draining
  8 centaurs
  13 ogres
  7 boggarts
  19 wolves
  8 crocodiles
  17 bullfrogs
  2 big kobolds
  A gnoll sergeant (Orc:2)
  2 wyvern skeletons (D:14)
  6 scorpions
  Dowan (D:6)
  27 killer bees
  11 wights
  6 electric eels
  3 bullfrog zombies
  4 centaur zombies
  8 crimson imps
  4 draconian simulacra (IceCv)
  7 jellies
  2 quasits
  6 hounds
  32 orc priests
  Ijyb (D:3)
  4 centaur skeletons
  A bullfrog skeleton (D:13)
  Jessica (D:2)
  8 iguanas
  Terence (D:3)
  Natasha (thrice) (D:3)
  9 orc wizards
  2 spriggan simulacra (IceCv)
  2 polar bear simulacra (IceCv)
  12 worker ants
  5 troll simulacra (IceCv)
  A wolf simulacrum (IceCv)
  4 centaur simulacra
  A hound zombie (D:10)
  A worker ant zombie (D:8)
  4 gnolls (Orc:2)
  12 adders
  6 naga simulacra (IceCv)
  An ogre simulacrum (IceCv)
  A shadow imp (D:13)
  12 white imps (IceCv)
  17 oozes (D:8)
  3 adder skeletons
  2 worms
  A leopard gecko (D:1)
  69 orcs
  A giant cockroach (D:1)
  9 goblins
  5 hobgoblins
  18 jackals
  2 quokkas
  9 ball pythons
  11 bats
  4 frilled lizards
  29 kobolds
  10 rats
  6 fungi
  5 plants
  A withered plant (D:15)
1022 creatures vanquished.

Vanquished Creatures (others)
  An orc priest (D:4)
  A worker ant (D:4)
  An orc (D:11)
  A giant cockroach (D:4)
  A briar patch (Swamp:4)
  25 fungi
  14 plants
  4 withered plants (D:15)
48 creatures vanquished.

Grand Total: 1070 creatures vanquished

Notes
Turn   | Place    | Note
-------+----------+-------------------------------------------
     0 | D:1      | Herrn the Naga Fire Elementalist began the quest for the Orb.
     0 | D:1      | Reached XP level 1. HP: 15/15 MP: 3/3
   140 | D:1      | Reached XP level 2. HP: 21/22 MP: 3/5
   282 | D:1      | Reached skill level 1 in Fighting
   489 | D:2      | Noticed Sigmund
   682 | D:2      | Reached XP level 3. HP: 31/31 MP: 2/6
   869 | D:2      | Noticed Jessica
   875 | D:2      | Killed Jessica
   875 | D:2      | Reached XP level 4. HP: 30/38 MP: 2/7
   919 | D:2      | Upgraded the game from 0.20-a0-1073-g49e0d3e to 0.20-a0-1078-g4874019
  1487 | D:3      | Noticed Ijyb
  1500 | D:3      | Reached skill level 1 in Axes
  1551 | D:3      | Killed Ijyb
  1631 | D:3      | Found an ancient bone altar of Kikubaaqudgha.
  1736 | D:3      | Reached XP level 5. HP: 45/45 MP: 5/8
  1788 | D:3      | Noticed Terence
  1824 | D:3      | Killed Terence
  1995 | D:3      | Noticed Natasha
  2002 | D:3      | Killed Natasha
  2045 | D:3      | Noticed Natasha
  2050 | D:3      | Killed Natasha
  2050 | D:3      | Reached skill level 2 in Axes
  2085 | D:3      | Noticed Natasha
  2086 | D:3      | Killed Natasha
  2333 | D:2      | Reached XP level 6. HP: 52/52 MP: 9/9
  2420 | D:2      | Killed Sigmund
  2420 | D:2      | Reached skill level 5 in Fire Magic
  2941 | D:4      | Noticed Pikel
  2941 | D:4      | Noticed a slave
  2942 | D:4      | Noticed a slave
  2942 | D:4      | Noticed a slave
  2946 | D:4      | Noticed a slave
  2964 | D:4      | Killed a slave
  2996 | D:4      | Killed Pikel
  2996 | D:4      | Reached skill level 3 in Axes
  2996 | D:4      | Reached XP level 7. HP: 33/62 MP: 10/10
  2996 | D:4      | Reached XP level 8. HP: 37/69 MP: 11/11
  3209 | D:4      | Found a glowing drain.
  3218 | Sewer    | Entered a sewer
  3964 | D:4      | Got a steaming leather armour
  3975 | D:4      | Identified the cursed +0 leather armour "Feofu" {+Blink MP+9 Dex-3} (You found it on level 4 of the Dungeon)
  4191 | D:4      | Noticed Eustachio
  4219 | D:4      | Killed Eustachio
  4644 | D:4      | Found a sparkling altar of Nemelex Xobeh.
  4654 | D:4      | Found a shadowy altar of Dithmenos.
  4713 | D:4      | Found a sacrificial altar of Ru.
  4713 | D:4      | Found a burning altar of Makhleb.
  4986 | D:4      | Noticed Menkaure
  4993 | D:4      | Killed Menkaure
  4993 | D:4      | Reached skill level 1 in Armour
  5332 | D:5      | Entered Level 5 of the Dungeon
  5386 | D:5      | Reached skill level 4 in Axes
  5387 | D:5      | Found an iron altar of Okawaru.
  5395 | D:5      | Became a worshipper of Warmaster Okawaru
  5485 | D:5      | Found Rishrola's Food Emporium.
  5984 | D:5      | Found a deep blue altar of Sif Muna.
  5985 | D:5      | Found an iron altar of Okawaru.
  6030 | D:5      | Noticed Prince Ribbit
  6044 | D:5      | Killed Prince Ribbit
  6044 | D:5      | Reached skill level 5 in Fighting
  6044 | D:5      | Reached XP level 9. HP: 47/81 MP: 12/12
  6393 | D:6      | Noticed Dowan
  6411 | D:6      | Killed Dowan
  6412 | D:6      | Noticed Duvessa
  6421 | D:6      | Killed Duvessa
  6654 | D:6      | Found Oxzaterr's Armour Emporium.
  6709 | D:6      | Noticed Serafim's ghost (novice MiFi)
  6734 | D:6      | Reached * piety under Okawaru
  7274 | D:6      | Reached skill level 5 in Axes
  7323 | D:6      | Noticed Grinder
  7328 | D:6      | Paralysed by Grinder for 3 turns
  7342 | D:6      | Paralysed by Grinder for 3 turns
  7356 | D:6      | Killed Grinder
  7790 | D:7      | Found a shattered altar of Ashenzari.
  7876 | D:7      | Upgraded the game from 0.20-a0-1078-g4874019 to 0.20-a0-1086-g4bd2f5b
  7876 | D:7      | Upgraded the game from 0.20-a0-1086-g4bd2f5b to 0.20-a0-1088-gd50b1d5
  8035 | D:7      | Found a staircase to the Ecumenical Temple.
  8041 | Temple   | Entered the Ecumenical Temple
  8129 | D:7      | Reached ** piety under Okawaru
  8316 | D:7      | Found a radiant altar of Vehumet.
  8493 | D:7      | Noticed a two-headed ogre
  8527 | D:7      | Killed a two-headed ogre
  8527 | D:7      | Reached skill level 5 in Dodging
  8527 | D:7      | Reached skill level 5 in Conjurations
  8527 | D:7      | Reached XP level 10. HP: 87/94 MP: 13/13
  9033 | D:8      | Noticed an oklob plant
  9082 | D:8      | Reached *** piety under Okawaru
  9082 | D:8      | Reached skill level 6 in Axes
  9225 | D:8      | Learned a level 4 spell: Sticky Flame
  9317 | D:8      | Gained mutation: You possess an exceptional clarity of mind. [mutagenic meat]
  9318 | D:8      | Gained mutation: You can exhale a cloud of poison. [mutagenic meat]
  9345 | D:8      | Noticed Joseph
  9357 | D:8      | Killed Joseph
  9741 | D:8      | Reached skill level 7 in Axes
  9822 | D:8      | Found a hide-covered altar of Uskayaw.
 10476 | D:9      | Found a staircase to the Orcish Mines.
 10527 | D:9      | Learned a level 3 spell: Spider Form
 10829 | D:9      | Noticed a two-headed ogre
 10835 | D:9      | Killed a two-headed ogre
 10835 | D:9      | Reached **** piety under Okawaru
 10835 | D:9      | Reached skill level 8 in Axes
 10835 | D:9      | Reached skill level 1 in Transmutations
 10835 | D:9      | Reached XP level 11. HP: 103/103 MP: 11/14
 11009 | D:9      | Noticed a two-headed ogre
 11019 | D:9      | Killed a two-headed ogre
 11149 | D:10     | Entered Level 10 of the Dungeon
 11376 | D:10     | Found Wathorel's Book Boutique.
 11591 | D:10     | Noticed Erolcha
 11636 | D:10     | Killed Erolcha
 11636 | D:10     | Reached ***** piety under Okawaru
 11636 | D:10     | Received a gift from Okawaru
 11636 | D:10     | Reached skill level 9 in Axes
 12560 | D:11     | Noticed Grum
 12565 | D:11     | Killed Grum
 13008 | D:11     | Reached skill level 10 in Axes
 13309 | D:11     | Received a gift from Okawaru
 13310 | D:11     | Got a scorched naga barding {god gift}
 13325 | D:11     | Identified the -3 naga barding of Dipsats {rN+} (Okawaru gifted it to you on level 11 of the Dungeon)
 13576 | D:11     | Reached XP level 12. HP: 88/114 MP: 15/15
 13837 | D:11     | Noticed a two-headed ogre
 13870 | D:11     | Killed a two-headed ogre
 14848 | D:11     | Found a staircase to the Lair.
 15122 | D:11     | Reached skill level 11 in Axes
 15384 | D:12     | Learned a level 6 spell: Statue Form
 15968 | D:12     | Noticed a two-headed ogre
 15973 | D:12     | Reached skill level 1 in Earth Magic
 15977 | D:12     | Killed a two-headed ogre
 16247 | D:12     | Reached skill level 10 in Fighting
 16406 | D:12     | Gained mutation: You can use your snake-like lower body to constrict enemies. [Naga growth]
 16406 | D:12     | Reached XP level 13. HP: 94/123 MP: 7/16
 16541 | D:12     | Reached skill level 5 in Transmutations
 16759 | D:12     | Reached skill level 12 in Axes
 16765 | D:12     | Noticed Urug
 17081 | D:12     | Reached ****** piety under Okawaru
 17128 | D:12     | Killed Urug
 17302 | D:13     | Paralysed by a hornet for 2 turns
 17808 | D:13     | Identified a scroll of acquirement
 17809 | D:13     | Got a brightly glowing large shield
 17815 | D:13     | Identified the +0 large shield of Ivvoel {Dex-4 Slay+5} (You acquired it on level 13 of the Dungeon)
 18355 | D:13     | Found a gate to the Vaults.
 18355 | D:13     | Noticed a vault guard
 18371 | D:13     | Killed a vault guard
 19005 | D:13     | Received a gift from Okawaru
 19720 | Orc:1    | Entered Level 1 of the Orcish Mines
 19720 | Orc:1    | Found a shimmering altar of Xom.
 19731 | Orc:1    | Noticed Fin's ghost (journeyman SpEn)
 19789 | Orc:1    | Killed Fin's ghost
 19789 | Orc:1    | Reached skill level 1 in Shields
 20267 | Orc:2    | Entered Level 2 of the Orcish Mines
 20408 | Orc:2    | Reached skill level 13 in Axes
 21439 | Orc:1    | Found Luudwoq's Antique Weapon Shoppe.
 21497 | Orc:1    | Found a roughly hewn altar of Beogh.
 22035 | Orc:2    | Found a staircase to the Elven Halls.
 22386 | Orc:2    | Noticed a stone giant
 22399 | Orc:2    | HP: 4/124 [orc sorcerer/bolt of fire (27)]
 22404 | Orc:2    | Reached XP level 14. HP: 31/133 MP: 10/17
 22841 | Orc:2    | Killed a stone giant
 22845 | Orc:2    | Received a gift from Okawaru
 23173 | Orc:2    | Reached skill level 5 in Armour
 23365 | Orc:2    | Found Kufrupp's Magic Scroll Emporium.
 23367 | Orc:2    | Found Ijiomiof's General Store.
 24442 | Orc:2    | Reached skill level 14 in Axes
 25201 | Orc:2    | Found Fofyirgh's Book Shop.
 25201 | Orc:2    | Found Rekuewk's Antique Armour Boutique.
 25201 | Orc:2    | Found a one-way gate leading to the halls of Pandemonium.
 25611 | Lair:1   | Entered Level 1 of the Lair of Beasts
 25627 | Lair:1   | Found a glowing silver altar of Zin.
 26057 | Lair:1   | HP: 3/135 [eight-headed hydra (11)]
 26590 | Lair:1   | Got an ichor-stained leather armour
 26591 | Lair:1   | Identified the +1 leather armour "Weddy" {rC+ rN++ Int-2} (You found it on level 1 of the Lair of Beasts)
 27381 | Lair:2   | Received a gift from Okawaru
 27999 | Lair:3   | Found a staircase to the Swamp.
 28186 | Lair:3   | Got a crude naga barding
 28197 | Lair:3   | Identified the +2 naga barding of Juimm {Int+4} (You acquired it on level 3 of the Lair of Beasts)
 28394 | Lair:3   | Found a snail-covered altar of Cheibriados.
 28409 | Lair:3   | Reached XP level 15. HP: 135/142 MP: 18/18
 29676 | Lair:4   | Found a hole to the Spider Nest.
 29681 | Lair:4   | Reached skill level 15 in Axes
 30157 | Lair:5   | Found a frozen archway.
 30269 | IceCv    | Entered an ice cave
 31077 | IceCv    | Noticed kroki's ghost (journeyman MiVM)
 31091 | IceCv    | Killed kroki's ghost
 31192 | IceCv    | Found an ancient bone altar of Kikubaaqudgha.
 31932 | Lair:5   | Reached skill level 5 in Earth Magic
 32783 | Lair:6   | Entered Level 6 of the Lair of Beasts
 32821 | Lair:6   | Found a staircase to the Slime Pits.
 33428 | Lair:6   | Received a gift from Okawaru
 33437 | Lair:6   | Got a pair of brightly glowing gloves {god gift}
 33443 | Lair:6   | Identified the -3 pair of gloves "Serin" {-Tele Str+2 Slay+2} (Okawaru gifted it to you on level 6 of the Lair of Beasts)
 34540 | Lair:6   | Reached skill level 16 in Axes
 34956 | Lair:6   | Upgraded the game from 0.20-a0-1088-gd50b1d5 to 0.20-a0-1089-g3fde505
 35158 | Lair:4   | Reached XP level 16. HP: 152/152 MP: 19/19
 35831 | D:14     | Found a hide-covered altar of Uskayaw.
 36259 | D:14     | Noticed a tengu reaver
 36301 | D:14     | HP: 2/152 [battlesphere[a tengu reaver] (13)]
 36747 | D:14     | Killed a tengu reaver
 36747 | D:14     | Received a gift from Okawaru
 36975 | D:14     | Got a warped spear
 37121 | D:15     | Entered Level 15 of the Dungeon
 37806 | D:15     | Found a staircase to the Depths.
 39034 | D:15     | Identified the +5 spear of Impatience {elec, rF++ Dex+2} (You found it on level 14 of the Dungeon)
 39254 | Swamp:1  | Entered Level 1 of the Swamp
 39269 | Swamp:1  | Reached skill level 17 in Axes
 40704 | Swamp:1  | Upgraded the game from 0.20-a0-1089-g3fde505 to 0.20-a0-1109-ge3cd172
 41990 | Swamp:2  | Received a gift from Okawaru
 42142 | Swamp:2  | Reached XP level 17. HP: 149/162 MP: 20/20
 43625 | Swamp:3  | Noticed Jorgrun
 43642 | Swamp:3  | Killed Jorgrun
 44367 | Swamp:3  | Reached skill level 5 in Shields
 44379 | Swamp:4  | Entered Level 4 of the Swamp
 45959 | Swamp:4  | Noticed the 27-headed Lernaean hydra
 45978 | Swamp:4  | Killed the 18-headed Lernaean hydra
 45992 | Swamp:4  | Killed from afar by a thorn hunter

Vault maps used:
D:1:      saegor_arrival_simple_b
D:2:      first_bread, grunt_ministairs_1, moated_statue, uniq_jessica,
          uniq_sigmund
D:3:      lemuel_doored_altar, uniq_ijyb, uniq_terence, uniq_natasha
D:4:      amethyst_overflow_temple_binary, gammafunk_temple_overflow_elements,
          portal_sewer_entry_d, uniq_eustachio, uniq_menkaure, uniq_pikel
D:5:      gammafunk_temple_overflow_statue, serial_shops, shop, minivault_24,
          glass_columns_a, okawaru_gym_becter, uniq_prince_ribbit1
D:6:      serial_shops, nicolae_shop_stone, minmay_misc_feat_alley,
          uniq_duvessa, uniq_grinder
D:7:      cheibrodos_ashenzari_chains, vehumet_altar_wand_db, temple_statues
D:8:      lemuel_slime, old_standard_altar, uniq_joseph
D:9:      orc_0_dummy, library_closet
D:10:     serial_shops, kennysheep_mini_moat, uniq_erolcha
D:11:     grunt_lair_entry_orc_guard_hut, uniq_grum
D:12:     uniq_urug
D:13:     david_vaults_5, hangedman_pestilent_swarm
D:14:     basic_altar, kennysheep_crisscross,
          minmay_checkered_concentric_circles
D:15:     gammafunk_depths_entry_grave, minmay_misc_feat_ornament
Temple:   nicolae_temple_x_marks_the_god
Lair:1:   basic_altar, serial_bayou_shore_a, minmay_lair_oklob_chamber,
          infiniplex_staircase_pool
Lair:2:   minivault_25, beast_lair_carwin_10
Lair:3:   minmay_swamp_entry_eels, kennysheep_snail_temple, grunt_megastairs_1
Lair:4:   spider_nest_entry_a
Lair:5:   portal_ice_cave_entry_pillars_1
Lair:6:   evilmike_catoblepas_cave, minmay_slime_entry_eyes
Swamp:1:  evilmike_swamp_ruin_house_3, swamp_pool1, nicolae_swamp_fairy_circle
Swamp:2:  evilmike_swamp_ruin_house_2
Swamp:3:  hangedman_swamp_pad, uniq_jorgrun
Swamp:4:  grunt_swamp_rune_castle
Orc:1:    serial_shops, nicolae_shop_statue_plus, basic_altar,
          kennysheep_orc_chapel
Orc:2:    pf_orc_diabolical
Sewer:    sewer_co_scattered_pipes
IceCv:    ice_cave_small_necro

Skill      XL: |  1  2  3  4  5  6  7  8  9 10 11 12 13 14 15 16 17 |
---------------+----------------------------------------------------+-----
Fighting       | 1 2 3 5 7 8 9 10 11 12 13 | 13.4
Fire Magic     | 4 5 6 |  6.0
Axes           | 1 2 3 4 5 8 10 11 13 14 16 17 | 17.5
Conjurations   | 2 3 4 5 6 7 8 9 |  9.1
Dodging        | 2 3 5 6 7 8 9 |  9.4
Armour         | 2 4 5 6 7 8 |  8.4
Transmutations | 1 3 4 6 7 8 |  8.7
Earth Magic    | 1 3 4 5 6 7 |  7.1
Shields        | 1 2 3 4 5 |  5.5
Maces & Flails | |  0.4
Stealth        | |  3.0
Spellcasting   | |  2.0

Action                   |  1- 3 |  4- 6 |  7- 9 | 10-12 | 13-15 | 16-18 || total
-------------------------+-------+-------+-------+-------+-------+-------++-------
Melee: Unarmed           |     9 |       |       |       |       |       ||     9
       Hand axe          |     4 |    12 |       |       |       |       ||    16
       Dagger            |       |    78 |   565 |       |       |       ||   643
       Whip              |       |       |    35 |       |    14 |       ||    49
       Morningstar       |       |       |    19 |       |    25 |       ||    44
       War axe           |       |       |     3 |   386 |    12 |   853 ||  1254
       Punch             |       |       |       |     1 |     1 |       ||     2
       Broad axe         |       |       |       |   124 |   339 |   412 ||   875
       Constrict         |       |       |       |       |   217 |   126 ||   343
       Battleaxe         |       |       |       |       |   770 |       ||   770
 Cast: Flame Tongue      |    23 |    40 |    22 |   228 |    68 |     7 ||   388
       Sticky Flame      |       |       |       |    19 |    21 |     4 ||    44
Invok: Heroism           |       |       |     1 |     5 |    46 |    30 ||    82
 Abil: Spit Poison       |    29 |    37 |    43 |    11 |       |       ||   120
       Evoke Berserk Rag |       |       |     2 |     1 |     3 |       ||     6
       Breathe Poison Ga |       |       |       |    46 |    51 |     4 ||   101
Evoke: Wand              |       |       |     6 |     6 |     3 |     4 ||    19
  Use: Potion            |       |     6 |     2 |       |     9 |    18 ||    35
       Scroll            |       |     5 |     2 |    11 |    25 |     5 ||    48
 Stab: Sleeping          |       |     1 |     6 |     5 |     8 |     2 ||    22
       Distracted        |       |       |       |       |     2 |     1 ||     3
  Eat: Chunk             |     1 |     8 |    12 |    37 |    44 |    23 ||   125
       Fruit             |       |       |     3 |       |     9 |     6 ||    18
       Royal jelly       |       |       |     3 |     2 |     1 |       ||     6
       Meat ration       |       |       |       |       |     2 |     1 ||     3
Armor: Robe              |     9 |    35 |    20 |   230 |   252 |       ||   546
       Skin              |       |    26 |       |       |       |       ||    26
       Leather armour    |       |       |   184 |   105 |   320 |   203 ||   812
       Gold dragon scale |       |       |       |       |       |   789 ||   789
Dodge: Dodged            |    26 |    36 |   265 |   435 |   743 |   243 ||  1748
Block: Shield            |       |       |       |       |    33 |   585 ||   618
